 Dungeon Crawl Stone Soup version 0.31-a0-1626-g5cb510d322 (webtiles) character file.

Game seed: 9899079677909363148

2151 BigPumpCobain the Grappler (level 9, -2/127 HPs)
             Began as a Troll Shapeshifter on Jan 12, 2024.
             Was an Initiate of Trog.
             Slain by a hornet (3 damage)
             ... on level 7 of the Dungeon.
             The game lasted 00:07:59 (4745 turns).

BigPumpCobain the Grappler (Troll Shapeshifter)     Turns: 4745, Time: 00:07:59

Health: -2/127     AC: 24    Str: 28    XL:     9   Next: 10%
Magic:  8/8        EV:  1    Int:  6    God:    Trog [......]
Gold:   357        SH:  0    Dex:  9    Spells: 8/8 levels left

rFire   . .          .
                       - Unarmed
rCold   . . .        (no shield)
rNeg    . . .        a - melded +0 animal skin
rPois   +            (helmet currently unavailable)
rElec   .            (cloak currently unavailable)
rCorr   .            (gloves unavailable)
SInv    .            (boots unavailable)
Will    .....        (no amulet)
Stlth   +            (no ring)
HPRegen 1.21/turn    (no ring)
MPRegen 0.11/turn

%: no passive effects
@: tree-form (expiring), slowed, very slow
A: stationary, stasis, torment immunity, boosted hp, large, unfitting armour,
(claws 3), regeneration 1, (shaggy fur 1), (tough skin 1)
a: Renounce Religion


You were on level 7 of the Dungeon.
You worshipped Trog.
Trog was noncommittal.
You were a tree.
You visited 2 branches of the dungeon, and saw 8 of its levels.

You collected 357 gold pieces.

Inventory:

Armour
 a - a +0 animal skin (melded)
Jewellery
 l - the amulet of Elemental Vulnerability {rPois rF-- rC-- AC+8}
   (You found it on level 2 of the Dungeon)

   [amulet of nothing]

   AC+8:      It affects your AC (+8).
   rF--:      It makes you very vulnerable to fire.
   rC--:      It makes you very vulnerable to cold.
   rPois:     It protects you from poison
 t - a ring of magical power
 v - a +6 ring of intelligence
Talismans
 c - a beast talisman
 d - a flux talisman
 r - a blade talisman
Wands
 f - a wand of paralysis (5)
 w - a wand of iceblast (5)
 y - a wand of light (10)
Scrolls
 g - 2 scrolls of fog
 h - a scroll of brand weapon
 i - 4 scrolls of blinking
 j - a scroll of torment
 p - a scroll of enchant weapon
 q - 2 scrolls of teleportation
 u - a scroll of vulnerability {unknown}
Potions
 e - 3 potions of attraction {unknown}
 k - a potion of cancellation {unknown}
 m - a potion of mutation {unknown}
 n - 2 potions of haste {unknown}
 o - 3 potions of curing {unknown}
 s - a potion of degeneration {unknown}
 x - a potion of might {unknown}


   Skills:
 + Level 4.4 Fighting
 - Level 1.5 Dodging
 * Level 8.2 Unarmed Combat
 * Level 7.6 Shapeshifting


You had 8 spell levels left.
You didn't know any spells.
Your spell library contained the following spells:

 Spells                   Type           Power      Damage    Failure   Level
 Inner Flame              Hex/Fire       0%         N/A       83%         3
 Flame Wave               Conj/Fire      0%         2d4       99%         4
 Sticky Flame             Fire/Alch      0%         2d4       99%         4


Dungeon Overview and Level Annotations

Branches:
Dungeon (7/15)             Temple (1/1) D:6

Altars:
Ashenzari
Cheibriados
Dithmenos
Elyvilon
Gozag
Hepliaklqana
Kikubaaqudgha
Nemelex Xobeh
Okawaru
Sif Muna
Trog
Uskayaw
Vehumet
Wu Jian
Xom
Yredelemnul
Zin
The Shining One

Shops:
D:1 =   D:2 **=

Annotations:
D:4 3 runed translucent doors, pbupsy's ghost, amateur MiBe
D:6 3 runed translucent doors, Newt's ghost, novice KoHu


Innate Abilities, Weirdness & Mutations

You are a tree.
Your roots penetrate the ground, keeping you stationary.
You cannot be teleported.
You are immune to unholy pain and torment.
Your maximum health is greatly increased.
Your equipment is partially melded.
You are too large for most types of armour.
((You have claws for hands.))
Your natural rate of healing is unusually fast.
((You are covered in fur. (AC +1)))
((You have tough skin. (AC +1)))


Message History

You turn into a tree.
Your +0 animal skin melds into your body.
Your roots penetrate the ground.
You feel sick. The hornet barely misses you.
The hornet stings you but does no damage.
You closely miss the hornet.
You feel sick.
You are no longer poisoned.
The hornet stings you.
* * * LOW HITPOINT WARNING * * *
The hornet stings you.
* * * LOW HITPOINT WARNING * * *
You smack the hornet!
You punch the hornet.
The hornet is severely wounded.
The hornet stings you but does no damage.
You miss the hornet.
The hornet is severely wounded.
The hornet stings you but does no damage. x3
You closely miss the hornet.
The hornet is severely wounded.
The hornet stings you but does no damage. x4
You pummel the hornet!!
You kill the hornet!
Trog accepts your kill.
Your transformation is almost over.
The hornet stings you but does no damage.
The hornet stings you.
* * * LOW HITPOINT WARNING * * *
Your life force feels restored.
You have reached level 9!
Your experience leads to an increase in your attributes!
Increase (S)trength, (I)ntelligence, or (D)exterity?
You feel stronger. x3
You barely miss the hornet.
The hornet stings you but does no damage. x2
You smack the hornet!
The hornet is heavily wounded.
You feel yourself speed up. The hornet stings you!
* * * LOW HITPOINT WARNING * * *
You feel yourself slow down. The hornet stings you.
You die...

#......# #).##..#
#..#...# ### #..#...#
#.#####..#...#
#....#.......# ####
#.##.###.###.##### .$...
#.#...............
.....z##♣#..###.###.#####
.....zoy=#..# #.##.<....#
.....o####### #.##......#
..... ####.#.#### ....
#.#....# ##. #.#.##.# ..
#.#..#.# . #.#..#.#
#.#..#.#


You could see a hornet, a wight and 2 orcs.

Vanquished Creatures
  A hornet (D:7)
  Grinder (D:5)
  Prince Ribbit (D:6)
  Menkaure (D:6)
  An acid dragon (D:6)
  Edmund (D:6)
  2 sky beasts
  An ogre (D:6)
  A centaur (D:4)
  A kobold brigand (D:6)
  A scorpion (D:5)
  A bullfrog (D:6)
  3 wights (D:7)
  2 hounds
  2 jellies (D:6)
  Crazy Yiuf (D:5)
  Ijyb (D:5)
  An iguana (D:4)
  2 orc wizards
  2 gnolls (D:4)
  11 adders
  A shadow imp (D:4)
  2 white imps
  8 ufetubi
  4 dart slugs
  14 orcs
  4 ball pythons
  2 bats
  8 endoplasms
  6 goblins
  5 hobgoblins
  2 jackals (D:2)
  6 quokkas
  5 frilled lizards
  13 kobolds
  7 rats
125 creatures vanquished.

Notes
Turn   | Place    | Note
-------+----------+-------------------------------------------
     0 | D:1      | BigPumpCobain the Troll Shapeshifter began the quest for
                  | the Orb.
     0 | D:1      | Reached XP level 1. HP: 18/18 MP: 0/0
    95 | D:1      | Reached skill level 1 in Fighting
    98 | D:1      | Reached XP level 2. HP: 27/27 MP: 1/1
   203 | D:1      | Found Tipseklep's Jewellery Boutique.
   451 | D:1      | Found a faded altar of an unknown god.
   818 | D:2      | Found Ikkiuxku's General Store.
   818 | D:2      | Found Poyrus's Jewellery Shoppe.
   871 | D:2      | Found the amulet of Elemental Vulnerability {rPois rF--
                  | rC-- AC+8}
   886 | D:2      | Reached XP level 3. HP: 32/33 MP: 2/2
   953 | D:2      | Found Keil's Assorted Antiques.
  1524 | D:3      | Reached XP level 4. HP: 41/41 MP: 3/3
  1587 | D:3      | You fall into a shaft and drop 1 floor!
  1767 | D:3      | Reached skill level 4 in Unarmed Combat
  2088 | D:4      | Reached XP level 5. HP: 49/49 MP: 4/4
  2276 | D:4      | Found a hide-covered altar of Uskayaw.
  2294 | D:4      | Noticed pbupsy's ghost (amateur MiBe)
  2296 | D:4      | Found a runed translucent gate.
  2297 | D:4      | Found a runed translucent gate.
  2298 | D:4      | Found a runed translucent gate.
  2298 | D:4      | Noticed an orc warrior
  2299 | D:4      | Identified the +4 mace of Ychaym {speed, Str+3 Int+3 Dex+4}
  2339 | D:4      | Noticed a centaur
  2348 | D:4      | Killed a centaur
  2371 | D:4      | Found an iron altar of Okawaru.
  2395 | D:4      | Found a basalt altar of Yredelemnul.
  2636 | D:4      | Reached XP level 6. HP: 42/57 MP: 5/5
  2777 | D:5      | Entered Level 5 of the Dungeon
  2858 | D:5      | Found a glowing silver altar of Zin.
  2858 | D:5      | Noticed Grinder
  2860 | D:5      | Paralysed by Grinder for 5 turns
  2872 | D:5      | Killed Grinder
  2873 | D:5      | Reached skill level 5 in Unarmed Combat
  2873 | D:5      | Reached skill level 5 in Shapeshifting
  2965 | D:5      | Reached XP level 7. HP: 66/66 MP: 6/6
  2996 | D:5      | Found a runed translucent door.
  2997 | D:5      | Noticed Crazy Yiuf
  3038 | D:5      | Noticed Ijyb
  3045 | D:5      | Killed Ijyb
  3312 | D:5      | Found a broken altar of Ashenzari.
  3528 | D:5      | Killed Crazy Yiuf
  3590 | D:6      | Reached skill level 6 in Unarmed Combat
  3734 | D:6      | Noticed Menkaure
  3743 | D:6      | Killed Menkaure
  3744 | D:6      | Reached XP level 8. HP: 24/75 MP: 7/7
  3933 | D:6      | Found a shadowy altar of Dithmenos.
  3953 | D:6      | Found a staircase to the Ecumenical Temple.
  3953 | D:6      | Noticed Prince Ribbit
  3959 | D:6      | Killed Prince Ribbit
  3960 | D:6      | Reached skill level 7 in Unarmed Combat
  3964 | Temple   | Entered the Ecumenical Temple
  4011 | Temple   | Became a worshipper of Trog the Wrathful
  4069 | D:6      | Found a radiant altar of Vehumet.
  4134 | D:6      | Noticed Edmund
  4146 | D:6      | Killed Edmund
  4313 | D:6      | Found a runed translucent gate.
  4314 | D:6      | Found a runed translucent gate.
  4314 | D:6      | Noticed Newt's ghost (novice KoHu)
  4337 | D:6      | Found a runed translucent gate.
  4725 | D:7      | Noticed a hornet
  4730 | D:7      | Reached skill level 8 in Unarmed Combat
  4732 | D:7      | Noticed a hornet
  4739 | D:7      | HP: 5/115 [hornet (4)]
  4743 | D:7      | Killed a hornet
  4744 | D:7      | Reached XP level 9. HP: 5/85 MP: 8/8
  4745 | D:7      | HP: 1/127 [hornet (8)]
  4745 | D:7      | Slain by a hornet

Illustrated notes

Levels and vault maps discovered:
D:1:      amcnicky_arrival_single_pillar, layout_loops_ring,
          chequers_ecumenical_altar_grove, serial_shops,
          nicolae_shop_window_shopping, corexii_hall_statues_x
D:2:      layout_loops_cross, serial_shops, shop, shop, shop, serial_aquarium,
          aquarium_bridge_straight [aquarium_subvault_bridge,
          aquarium_subvault_window, aquarium_subvault_bridge,
          aquarium_subvault_wall], aquarium_bridge_square
          [aquarium_subvault_bridge, aquarium_subvault_balcony,
          aquarium_subvault_wall, aquarium_subvault_window],
          aquarium_window_corner, aquarium_window_fake, aquarium_window_1,
          aquarium_window_fake, aquarium_view_2a, aquarium_view_2d,
          aquarium_pool_1, supply_closet_lemuel
D:3:      layout_loops_cross, nicolae_half_adder
D:4:      wad_woods_tower, layout_basic, nicolae_uskayaw_suspiria,
          jmf_multi_god_temple2, biasface_ghost_orc_armoury
D:5:      layout_loops_ring, old_standard_altar, amcnicky_altar_gilded,
          hangedman_decor_slide_cut, uniq_ijyb, uniq_grinder,
          uniq_crazy_yiuf_cottage
D:6:      layout_basic, vehumet_crystals, grunt_dithmenos_smoke,
          minmay_temple_entry_hall, gammafunk_ghost_split, uniq_menkaure,
          uniq_edmund, uniq_prince_ribbit1
D:7:      layout_basic, uniq_jeremiah, uniq_pikel
Temple:   hellmonk_temple_of_storms

Skill      XL: |  1  2  3  4  5  6  7  8 |
---------------+-------------------------+-----
Fighting       | 1 2 3 4 |  4.4
Unarmed Combat | 4 5 6 8 |  8.2
Shapeshifting  | 4 5 6 7 |  7.6
Dodging        | |  1.5

Action                     |  1- 3 |  4- 6 |  7- 9 || total
---------------------------+-------+-------+-------++-------
  Melee: Unarmed           |    97 |    72 |   141 ||   310
         Punch             |     2 |     6 |     1 ||     9
    Use: Scroll            |       |     4 |     4 ||     8
         Potion            |       |       |     2 ||     2
   Stab: Sleeping          |     1 |       |       ||     1
 Armour: Animal skin       |    50 |    56 |   109 ||   215
         Skin              |       |       |    21 ||    21
  Dodge: Dodged            |    47 |    45 |    61 ||   153

Table legend: (Time is in decaauts)
 A = Elapsed time spent in this place.
 B = Non-inter-level travel time spent in this place.
 C = Inter-level travel time spent in this place.
 D = Time resting spent in this place.
 E = Time spent auto-exploring this place.
 F = Levels seen in this place.
 G = Mean time per level.
                   A        B        C        D        E       F      G
               +--------+--------+--------+--------+--------+-----+--------+
         Total |   4718 |   4456 |    262 |    148 |   3594 |   8 |  589.8 |
       Dungeon |   4649 |   4430 |    219 |    148 |   3569 |   7 |  664.1 |
        Temple |     68 |     26 |     42 |      0 |     25 |   1 |   68.0 |
               +--------+--------+--------+--------+--------+-----+--------+

Top non-repeatable levels by time:
     D:6: 988 daAuts
     D:5: 796 daAuts
     D:1: 786 daAuts
     D:4: 741 daAuts
     D:2: 671 daAuts
     D:3: 566 daAuts
     D:7: 99 daAuts
  Temple: 68 daAuts
